Map: Terrazze Prion

Players

Vino

  • Race: Zerg Zerg
  • League: Gold

LaWeedaLoca

  • Race: Zerg Zerg
  • League: Master

Randaban

  • Race: Zerg Zerg
  • League: Gold

Jhyrachy

  • Race: Zerg Zerg
  • League: Gold

VOD

Have the link to the VOD?

Description

Time

  • Played on: April 11, 2016, 7:02 p.m.
  • Length: 11:44
Show
View Real Time Build Order
Export as new Build Order

Vino Zerg 

Build Orders: Pool First 

Get SALT Encoding   

  12  0:01  Drone  
  13  0:07  Drone  
  14  0:17  Extractor, Drone  
  15  0:21  Overlord  
  15  0:40  Drone x2  
  17  0:45  Spawning Pool  
  17  0:49  Drone  
  17  0:55  Drone  
  18  1:06  Drone  
  18  1:10  Extractor  
  18  1:16  Drone  
  19  1:35  Drone  
  19  1:38  Roach Warren  
  19  1:46  Hatchery  
  18  1:48  Drone  
  18  1:50  Drone  
  21  2:06  Queen  
  22  2:14  Overlord  
  22  2:23  Spine Crawler  
  22  2:24  Overlord  
  21  2:32  Zergling x2  
  22  2:42  Queen  
  22  2:43  Zergling x2  
  25  2:56  Roach  
  27  3:01  Zergling x2  
  26  3:10  Roach x2  
  30  3:18  Roach x2  
  30  3:19  Roach  
  36  3:26  Roach  
  38  3:38  Queen  
  40  3:42  Roach  
  42  3:54  Extractor  
  41  3:57  Lair  
  41  4:00  Roach  
  43  4:06  Overlord  
  43  4:27  Roach  
  43  4:28  Roach x2  
  50  4:31  Drone x3  
  50  4:36  Overlord  
  52  4:45  Overlord  
  52  4:56  Roach x2  
  56  5:00  Roach  
  56  5:05  Roach  
  60  5:11  Glial Reconstitution  
  60  5:16  Roach  
  60  5:21  Roach  
  64  5:41  Overseer, Evolution Chamber  
  63  5:43  Drone x3  
  63  5:44  Drone  
  63  5:49  Overlord  
  67  5:56  Overlord  
  67  6:06  Overlord  
  67  6:13  Roach x2  
  67  6:17  Roach  
  73  6:19  Roach  
  73  6:25  Roach  
  77  6:27  Roach  
  79  6:34  Zerg Missile Weapons Level 1  
  79  6:40  Roach  
  81  6:48  Overseer  
  81  6:50  Roach x2  
  85  6:57  Roach x2  
  89  7:03  Roach  
  89  7:06  Overlord  
  91  7:12  Overlord  
  91  7:19  Overlord  
  91  7:29  Roach x3  
  97  7:34  Roach  
  99  7:38  Roach  
  99  7:42  Roach  
  102  7:46  Roach  
  100  7:51  Roach  
  100  7:55  Roach  
  96  7:59  Roach  
  94  8:08  Roach x2  
  94  8:11  Roach  
  100  8:29  Hatchery  
  90  8:41  Drone  
  90  8:42  Spire  
  82  8:49  Zergling x4  
  82  8:50  Zergling x2  
  82  8:52  Zergling x2  
  84  8:55  Zergling x2  
  84  8:58  Zergling x2  
  86  9:22  Drone x4  
  86  9:23  Drone  
  87  9:55  Mutalisk x4  
  95  10:04  Mutalisk  
  91  10:07  Extractor  
  90  10:15  Drone x3  
  90  10:17  Drone x5  
  90  10:18  Drone  
  97  10:22  Mutalisk  
  99  10:38  Mutalisk  
  99  10:52  Mutalisk  
  99  11:03  Mutalisk  
  99  11:04  Zergling x8  
  61  11:06  Zergling x2  
  61  11:07  Zergling x10  
  61  11:08  Zergling x2  
  70  11:17  Mutalisk  
Show
View Real Time Build Order
Export as new Build Order

LaWeedaLoca Zerg 

Build Orders: Pool First 

Get SALT Encoding   

  12  0:01  Drone  
  13  0:08  Drone  
  14  0:17  Overlord  
  14  0:24  Extractor, Drone  
  15  0:37  Drone x2  
  17  0:46  Spawning Pool  
  17  0:49  Drone  
  17  0:53  Extractor  
  16  1:00  Drone  
  17  1:09  Drone  
  18  1:24  Hatchery  
  17  1:33  Zergling x4  
  17  1:39  Queen  
  21  1:47  Overlord  
  21  1:51  Zergling x2  
  22  2:01  Metabolic Boost  
  22  2:06  Drone  
  23  2:12  Drone  
  24  2:23  Drone  
  25  2:35  Queen  
  27  2:43  Queen  
  29  2:44  Drone x2  
  29  2:45  Drone  
  29  2:50  Overlord  
  32  2:55  Drone x2  
  34  2:58  Overlord  
  34  3:05  Drone  
  34  3:06  Drone  
  35  3:13  Roach Warren  
  34  3:29  Drone x4  
  34  3:30  Drone x2, Spine Crawler  
  39  3:46  Overlord  
  38  3:53  Roach x6  
  38  3:55  Roach  
  52  4:05  Roach x2  
  52  4:07  Zergling x4  
  58  4:18  Zergling x4  
  60  4:25  Hatchery  
  60  4:27  Extractor  
  60  4:28  Drone x2  
  60  4:29  Overlord x2  
  60  4:33  Overlord  
  60  4:47  Extractor  
  60  4:49  Lair  
  59  4:56  Drone  
  59  4:57  Drone x5, Extractor, Evolution Chamber  
  59  4:59  Evolution Chamber  
  62  5:09  Drone  
  62  5:10  Drone x5  
  68  5:23  Zerg Missile Weapons Level 1  
  68  5:28  Zerg Ground Armor Level 1  
  67  5:30  Drone x7  
  67  5:31  Drone  
  75  5:48  Glial Reconstitution  
  75  5:51  Zergling x12  
  75  5:52  Extractor x2  
  75  5:53  Overseer  
  79  6:03  Spore Crawler  
  78  6:04  Spore Crawler  
  78  6:08  Spore Crawler  
  78  6:09  Drone x8  
  78  6:10  Drone  
  85  6:16  Ravager x2  
  85  6:17  Ravager x3  
  90  6:35  Overlord x3  
  90  6:40  Overlord x6  
  90  6:41  Overlord  
  90  7:01  Roach x7  
  92  7:02  Roach x3  
  110  7:12  Roach  
  110  7:13  Roach x4  
  120  7:19  Roach  
  120  7:20  Roach x4  
  120  7:22  Roach  
  132  7:24  Roach  
  134  7:30  Roach x3  
  134  7:31  Roach  
  142  7:37  Roach x2  
  137  7:46  Roach x5  
  137  7:47  Roach  
  145  8:02  Roach  
  145  8:03  Roach x3  
  151  8:10  Hatchery  
  148  8:16  Drone x9  
  157  8:25  Zerg Missile Weapons Level 2  
  157  8:26  Zerg Ground Armor Level 2  
  147  8:42  Roach  
  147  8:43  Roach x8  
  161  8:54  Roach x4  
  161  8:55  Overlord x2  
  169  9:04  Ravager  
  169  9:08  Overlord x2  
  170  9:14  Overseer x2  
  170  9:15  Overseer  
  170  9:16  Ravager  
  171  9:17  Ravager  
  171  9:18  Pneumatized Carapace  
  171  9:19  Roach  
  171  9:20  Roach x6  
  171  9:21  Overlord  
  186  9:24  Roach x2  
  186  9:25  Roach  
  192  9:34  Roach x4  
  200  9:50  Extractor  
  200  9:51  Extractor  
  198  9:59  Drone  
  200  10:00  Drone  
  200  10:10  Infestation Pit  
  198  10:30  Roach  
  198  10:49  Spire  
Show
View Real Time Build Order
Export as new Build Order

Randaban Zerg 

Build Orders:  

Get SALT Encoding   

Show
View Real Time Build Order
Export as new Build Order

Jhyrachy Zerg 

Build Orders:  

Get SALT Encoding   

Tags
 
Add a new tag
Caveats
  • Supply blocks, unpowered buildings, or Contaminate may cause inaccurate times.
  • Supply counts are checked every 10 seconds.